AoeStats
← Jermazor

Oasis

508898653Analyzed
2v2 RM · 8d ago on Sep 24, 2026· 51m 41s· 4 players
Game mode
Random Map
Map size
Medium (4 player)
Population
200
Speed
Normal
Resources
Standard
Victory
Conquest
Starting age
Dark Age
Ending age
Imperial Age
RankedLock teamsTeams togetherTeam positionsShared explorationLock speedFull tech treeHidden civsTurbo modeCheats
Victory
Defeat
🇫🇮 Franks · Finland
745
+14
🇫🇮 Italians · Finland
692
+18
🇨🇭 Teutons · Switzerland
709
-16
🇷🇸 Teutons · Serbia
709
-16
Amil YT
0:28 Loom
11:22 Feudal Age
12:40 Wheelbarrow
11:47 Horse Collar
11:54 Double-Bit Axe
17:13 Gold Mining
17:17 Stone Mining
24:46 Castle Age
25:21 Pikeman
28:46 Stone Shaft Mining
28:39 Heavy Plow
33:49 Hand Cart
34:03 Fortified Wall
34:42 Bow Saw
42:52 Imperial Age
48:35 Conscription
froe
0:50 Loom
12:29 Feudal Age
13:09 Double-Bit Axe
13:11 Horse Collar
20:18 Castle Age
25:16 Heavy Plow
30:46 Gold Mining
42:40 Bow Saw
48:37 Imperial Age
47:25 Wheelbarrow
48:30 Hand Cart
50:17 Chemistry
Jermazor
10:36 Feudal Age
11:17 Double-Bit Axe
17:08 Forging
18:43 Gold Mining
23:47 Castle Age
22:38 Fletching
22:48 Scale Mail Armor
22:56 Scale Barding Armor
23:51 Stone Mining
24:25 Crossbowman
25:04 Bodkin Arrow
24:34 Man-at-Arms
25:15 Squires
26:54 Long Swordsman
28:16 Iron Casting
28:47 Padded Archer Armor
30:59 Leather Archer Armor
30:33 Arson
31:19 Bow Saw
32:51 Husbandry
36:39 Wheelbarrow
36:57 Pikeman
37:55 Chain Mail Armor
38:55 Caravan
39:29 Coinage
39:49 Gold Shaft Mining
42:42 Ballistics
42:43 Masonry
45:18 Imperial Age
47:22 Plate Mail Armor
47:53 Blast Furnace
46:18 Cavalier
48:19 Chemistry
47:21 Murder Holes
50:05 Elite Throwing Axeman
51:08 Hand Cart
jesper.eronen
0:32 Loom
11:43 Feudal Age
12:17 Double-Bit Axe
12:16 Horse Collar
14:17 Wheelbarrow
18:27 Forging
23:31 Castle Age
23:52 Pikeman
31:14 Bow Saw
31:14 Heavy Plow
36:24 Imperial Age
34:19 Gold Mining
34:19 Stone Mining
34:48 Fletching
34:59 Padded Archer Armor
36:20 Heated Shot
36:50 Ballistics
39:23 Chemistry
40:47 Iron Casting
40:13 Scale Mail Armor
42:05 Hand Cart
Connection lost

Rejoining the realm…

Still unreachable

The connection could not be restored.

Session expired

The server has moved on; the page needs a fresh start.